Map: Ascension to Aiur LE

Players

lllllllllllI - Winner!

  • Race: Protoss Protoss
  • League: Master
  • Spawn Location: 11:00

bagami

  • Race: Zerg Zerg
  • League: Diamond
  • Spawn Location: 5:00

VOD

Have the link to the VOD?

Description

Time

  • Played on: Jan. 11, 2018, 12:52 a.m.
  • Length: 16:21
Show
View Real Time Build Order
Export as new Build Order

lllllllllllI Protoss - Winner!

Build Orders: 1 Gate Expand 

Get SALT Encoding   

  12  0:01  Probe  
  13  0:13  Probe (Chrono Boost)  
  14  0:18  Pylon  
  14  0:25  Probe (Chrono Boost)  
  15  0:38  Probe (Chrono Boost), Gateway  
  16  0:49  Probe  
  17  1:01  Probe  
  18  1:17  Nexus  
  18  1:26  Zealot (Chrono Boost)  
  20  1:34  Pylon  
  20  1:46  Zealot  
  20  1:52  Pylon  
  22  2:04  Probe  
  22  2:08  Pylon  
  23  2:13  Zealot (Chrono Boost), Gateway  
  25  2:27  Pylon  
  23  4:18  Probe  
  24  4:30  Probe  
  25  4:52  Nexus  
  25  5:01  Pylon  
  25  5:38  Nexus  
  25  5:46  Probe (Chrono Boost)  
  27  5:57  Probe (Chrono Boost)  
  27  6:17  Gateway  
  26  6:43  Pylon  
  26  6:46  Probe  
  26  6:48  Probe  
  26  6:51  Forge  
  28  6:54  Probe  
  28  6:58  Probe  
  28  7:00  Probe  
  30  7:05  Assimilator  
  30  7:06  Probe  
  31  7:11  Probe  
  31  7:15  Zealot  
  34  7:22  Probe (Chrono Boost), Assimilator  
  35  7:23  Probe (Chrono Boost)  
  36  7:30  Photon Cannon  
  36  7:39  Probe  
  37  7:45  Assimilator  
  37  7:50  Assimilator  
  37  7:53  Probe  
  38  8:05  Probe (Chrono Boost)  
  39  8:15  Probe (Chrono Boost)  
  38  8:20  Probe (Chrono Boost)  
  39  8:31  Probe  
  39  8:34  Pylon  
  38  8:39  Nexus  
  36  8:43  Probe, Photon Cannon  
  36  8:45  Cybernetics Core  
  37  8:50  Probe  
  38  8:55  Probe  
  38  8:58  Photon Cannon  
  39  9:08  Probe  
  40  9:11  Probe  
  41  9:20  Probe  
  41  9:23  Probe, Assimilator  
  43  9:28  Assimilator  
  43  9:29  Pylon  
  43  9:35  Stargate  
  43  9:38  Stargate  
  43  9:42  Stargate  
  43  9:44  Probe  
  44  9:56  Probe  
  44  9:57  Probe  
  46  10:08  Probe  
  46  10:09  Probe  
  48  10:17  Pylon  
  48  10:20  Void Ray  
  48  10:21  Probe  
  53  10:24  Void Ray  
  57  10:39  Void Ray (Chrono Boost)  
  57  10:40  Shield Battery  
  58  11:00  Void Ray (Chrono Boost)  
  60  11:07  Pylon  
  60  11:10  Pylon  
  60  11:25  Probe  
  61  11:28  Void Ray  
  65  11:34  Pylon  
  65  11:38  Pylon  
  65  11:46  Pylon  
  65  11:52  Probe  
  66  11:59  Void Ray  
  70  12:02  Void Ray  
  74  12:29  Void Ray  
  64  12:42  Void Ray  
  68  12:52  Pylon  
  68  12:53  Pylon  
  68  13:10  Void Ray  
  68  13:12  Void Ray  
  74  13:40  Pylon  
  74  13:45  Pylon  
  72  14:44  Void Ray  
  75  15:27  Void Ray  
  76  15:38  Probe  
  77  15:47  Pylon  
  77  15:50  Probe  
Show
View Real Time Build Order
Export as new Build Order

bagami Zerg 

Build Orders: 3 Hatch before Pool 

Get SALT Encoding   

  12  0:01  Drone  
  13  0:20  Drone  
  14  0:34  Hatchery  
  14  0:35  Evolution Chamber  
  14  0:43  Hatchery  
  14  0:44  Spawning Pool  
  14  0:45  Drone  
  14  0:51  Overlord  
  14  0:54  Extractor  
  14  0:56  Drone  
  14  1:02  Extractor  
  14  1:03  Drone  
  16  1:31  Zergling x6  
  19  1:43  Zergling x2  
  20  1:52  Queen  
  22  1:59  Hatchery  
  21  2:04  Zergling x2  
  21  2:06  Extractor  
  21  2:07  Zergling x2, Extractor  
  21  2:16  Zergling x2  
  19  2:46  Drone x2  
  17  3:13  Zergling x2  
  17  3:14  Zergling x2  
  18  3:41  Hatchery  
  12  5:29  Drone x3  
  12  5:34  Spine Crawler  
  14  5:43  Spine Crawler  
  14  5:45  Drone  
  14  6:00  Queen  
  16  6:06  Drone x2  
  18  6:15  Drone  
  19  6:27  Spawning Pool  
  19  6:29  Drone  
  19  6:39  Drone  
  20  6:48  Drone  
  20  6:49  Extractor  
  20  7:03  Drone  
  20  7:08  Drone, Hatchery  
  21  7:23  Drone  
  21  7:24  Roach Warren  
  21  7:29  Overlord  
  21  7:33  Drone  
  22  7:45  Extractor  
  22  7:49  Drone x3  
  24  8:03  Roach  
  24  8:04  Roach x2  
  30  8:18  Overlord  
  30  8:23  Roach  
  30  8:24  Roach x2  
  36  8:44  Ravager x2  
  36  8:48  Drone x3  
  39  8:51  Queen  
  39  8:52  Drone  
  44  8:57  Overlord  
  44  9:17  Ravager  
  44  9:18  Ravager x2  
  47  9:44  Drone, Roach x2  
  52  9:46  Spore Crawler  
  52  9:47  Spore Crawler  
  52  9:48  Drone x2  
  52  9:54  Overlord x2  
  52  9:58  Spine Crawler  
  51  10:03  Ravager  
  52  10:18  Drone  
  52  10:19  Drone x3  
  56  10:22  Ravager x2  
  56  10:27  Drone  
  56  10:28  Drone x5  
  64  10:29  Lair  
  64  10:57  Drone x3  
  65  10:58  Drone  
  65  11:00  Extractor  
  65  11:01  Drone x2, Extractor  
  68  11:43  Overseer x2  
  68  11:46  Hatchery  
  65  12:01  Spore Crawler  
  65  12:02  Spore Crawler x3  
  65  12:05  Spore Crawler  
  65  12:06  Spore Crawler  
  65  12:07  Spore Crawler  
  65  12:08  Spore Crawler x2  
  57  12:11  Spore Crawler  
  57  12:12  Spore Crawler  
  57  12:13  Spore Crawler  
  57  12:14  Spore Crawler  
  52  12:21  Drone x6  
  56  12:23  Spore Crawler  
  48  13:09  Drone x2, Queen  
  46  13:39  Spore Crawler  
  46  13:40  Spore Crawler  
  44  13:47  Hatchery  
  30  15:15  Queen  
  30  15:17  Drone x2  
  24  15:31  Drone x2  
  23  15:53  Spore Crawler  
  23  15:55  Drone, Spore Crawler  
Tags
 
Add a new tag
Caveats
  • Supply blocks, unpowered buildings, or Contaminate may cause inaccurate times.
  • Supply counts are checked every 10 seconds.